 Dungeon Crawl Stone Soup version 0.25-a0-591-g2ad0d86 (webtiles) character file.

Game seed: 15431973047728365362, levelgen mode: deterministic

2968 MrTaco21 the Basher (level 9, 0/51 HPs)
             Began as a Gargoyle Fighter on Mar 14, 2020.
             Was an Initiate of Gozag.
             Slain by a two-headed ogre
             ... wielding a +0 giant spiked club
              (15 damage)
             ... on level 8 of the Dungeon.
             The game lasted 00:13:28 (7642 turns).

MrTaco21 the Basher (Gargoyle Fighter)              Turns: 7642, Time: 00:13:29

Health: 0/51       AC: 14    Str: 24    XL:     9   Next: 82%
Magic:  18/18      EV: 22    Int:  8    God:    Gozag
Gold:   421        SH:  9    Dex:  9    Spells: 8/8 levels left

rFire    + . .     SeeInvis .   a - +0 flail
rCold    . . .     Gourm    .   w - +0 kite shield
rNeg     + . .     Faith    .   b - +0 scale mail
rPois    ∞         Spirit   .   k - +0 helmet
rElec    +         Reflect  .   M - scarf {cloud immunity}
rCorr    .         Harm     .   (no gloves)
MR       .....                  (no boots)
Stlth    ..........             v - amulet of the acrobat
HPRegen  0.17/turn              i - ring of protection from fire
MPRegen  0.16/turn              C - ring of magical power

@: acrobat, very slow
A: negative energy resistance 1, electricity resistance, unbreathing,
petrification resistance, rot immunity, AC +6
a: Potion Petition, Call Merchant, Bribe Branch, Renounce Religion


You were on level 8 of the Dungeon.
You worshipped Gozag.
Gozag was aware of your devotion.
You were not hungry.

You visited 2 branches of the dungeon, and saw 10 of its levels.
You also visited: Sewer.

You collected 501 gold pieces.
You paid 80 gold pieces to Gozag.

Inventory:

Hand Weapons
 a - a +0 flail (weapon)
Armour
 b - a +0 scale mail (worn)
 k - a +0 helmet (worn)
   (You found it on level 1 of the Dungeon)
 w - a +0 kite shield (worn)
 M - a scarf of cloud immunity (worn)
   (You found it on level 8 of the Dungeon)
Jewellery
 i - a ring of protection from fire (left hand)
   (You found it on level 7 of the Dungeon)
 v - an amulet of the acrobat (around neck)
   (You found it on level 4 of the Dungeon)
 C - a ring of magical power (right hand)
   (You found it on level 6 of the Dungeon)
 D - an uncursed ring of ice
   (You found it on level 1 of the Dungeon)
 H - an uncursed amulet of magic regeneration
   (You found it on level 7 of the Dungeon)
Wands
 c - a wand of disintegration (18)
   (You found it on level 8 of the Dungeon)
 d - a wand of iceblast (7)
   (You found it on level 8 of the Dungeon)
 x - a wand of acid (5)
   (You found it on level 7 of the Dungeon)
Scrolls
 l - 3 scrolls of fear
 n - 2 scrolls of remove curse {@r2}
 p - a scroll of fog {unknown}
 q - 2 scrolls of blinking {unknown}
 r - 3 scrolls of enchant armour
 s - a scroll of amnesia
 u - 6 scrolls of teleportation {@r4}
 y - 2 scrolls of immolation {unknown}
 F - a scroll of brand weapon {unknown}
 G - 2 scrolls of noise {unknown}
 J - a scroll of enchant weapon {unknown}
Potions
 f - a potion of cancellation {unknown}
 g - 3 potions of stabbing
 h - a potion of resistance {unknown}
 j - 5 potions of brilliance
 m - 5 potions of curing {@q1}
 o - 2 potions of haste {unknown}
 z - 5 potions of flight
 A - 4 potions of heal wounds {@q2}
 B - 3 potions of lignification {!q}
 E - 2 potions of mutation {unknown}
 I - a potion of ambrosia {unknown}
 K - 5 potions of might
 L - a potion of degeneration {unknown}
Comestibles
 e - 16 rations {!d}


   Skills:
 - Level 3.2 Fighting
 + Level 13.0 Maces & Flails
 - Level 3.2 Armour
 - Level 3.2 Shields


You had 8 spell levels left.
You didn't know any spells.
Your spell library contained the following spells:

 Spells                   Type           Power        Failure   Level  Hunger
 Animate Skeleton         Necr           N/A          99%         1    ##.....
 Apportation              Tloc           #.....       99%         1    ##.....
 Corona                   Hex            #......      99%         1    ##.....
 Sandblast                Erth           #.....       99%         1    ##.....
 Summon Small Mammal      Summ           #...         99%         1    ##.....
 Passwall                 Tmut/Erth      #.......     100%        2    ###....
 Stone Arrow              Conj/Erth      #.....       100%        3    ####...
 Petrify                  Tmut/Erth      #.......     100%        4    #####..
 Lee's Rapid Deconstruct  Erth           #.........   100%        5    ######.


Dungeon Overview and Level Annotations

Branches:
Dungeon (9/15)             Temple (1/1) D:7            Lair (0/6) D:8
  Sewer (visited)
    Orc: D:9-12

Altars:
Ashenzari
Cheibriados
Dithmenos
Elyvilon
Fedhas
Gozag
Hepliaklqana
Kikubaaqudgha
Makhleb
Nemelex Xobeh
Okawaru
Qazlal
Ru
Sif Muna
Trog
Vehumet
Xom
Yredelemnul
The Shining One

Shops:
D:6 *


Innate Abilities, Weirdness & Mutations

You are resistant to torment.
Your stone body is resilient. (AC +6)
You are immune to poison.
You resist negative energy. (rN+)
You are resistant to electric shocks. (rElec)
You can survive without breathing.
You are immune to petrification.
You are immune to rotting.


Message History

There is an open door here.
e - 16 rations {!d} (gained 4)
There is an open door here.
There is an open door here.
You see here a scale mail.
You enter the shallow water.
Moving in this stuff is going to be slow.
A two-headed ogre comes into view.
It is wielding a +0 giant spiked club and a +0 giant club.
A two-headed ogre is nearby!
A two-headed ogre is nearby!
A two-headed ogre is nearby! 5 wights come into view.
A wight is wielding a +0 trident and wearing a +2 robe of fire resistance.
A wight is wielding a +2 halberd of freezing.
The wight moves out of view.
The two-headed ogre hits you with a +0 giant spiked club!!
You block the two-headed ogre's attack.
You barely miss the two-headed ogre. You closely miss the two-headed ogre.
The two-headed ogre barely misses you.
The two-headed ogre hits you but does no damage.
You barely miss the two-headed ogre. The wight hits you but does no damage.
You hit the two-headed ogre. You block the two-headed ogre's attack.
The two-headed ogre barely misses you.
The wight hits you but does no damage. x2
You barely miss the two-headed ogre. The wight barely misses you.
The wight hits you but does no damage.
The wight hits you from afar with a cursed +3 spear.
The wight barely misses you.
The two-headed ogre hits you but does no damage.
The two-headed ogre hits you with a +0 giant club!!
* * * LOW HITPOINT WARNING * * *
The wight hits you from afar with a +2 halberd of freezing.
* * * LOW HITPOINT WARNING * * *
The wight freezes you.
* * * LOW HITPOINT WARNING * * *
You block the wight's attack. x2
The wight hits you with a cursed +5 war axe.
* * * LOW HITPOINT WARNING * * *
There is a stone staircase leading down here.
You climb downwards.
A two-headed ogre comes into view. It is wielding two +0 giant clubs.
The two-headed ogre shouts in stereo!
There is a stone staircase leading up here.
The wight barely misses you.
You climb upwards.
There is a stone staircase leading down here.
The wight completely misses you.
You enter the shallow water.
Moving in this stuff is going to be slow.
The two-headed ogre hits you with a +0 giant spiked club!
You die...
Your body crumbles into a pile of gold.

###.<..## ##.(.....###.
##.......###### ###.≈≈≈≈≈≈≈≈##.
#.............###≈≈≈≈≈≈≈≈≈≈≈≈≈≈
#.........#####≈≈≈≈≈≈≈≈≈≈≈≈≈≈≈≈
#............≈≈≈≈≈≈≈≈≈≈≈≈≈≈≈≈≈≈
##..........#≈≈≈≈≈≈≈≈≈≈....≈≈≈≈≈
#...........≈≈≈≈≈≈≈≈........###≈
##.........#≈≈≈≈O≈z.zz....z..##)
#.........#≈≈≈@###........#..#.
#.##.........### #...[....##.z.
###...........# ##......#####.
#............# #....### ##
##............# ##..## #
#.............## ####
###............# ###..........#
#..........#


You could see a two-headed ogre and 3 wights.

Vanquished Creatures
  A hungry ghost (D:8)
  2 wargs (D:7)
  An orc warrior (D:7)
  A necrophage (D:7)
  2 phantoms
  5 ogres
  2 centaurs
  A big kobold (Sewer)
  3 bullfrogs
  A wyvern zombie (D:8)
  3 scorpions
  3 howler monkeys (D:7)
  A crimson imp (D:5)
  A hound (D:5)
  3 jellies (D:8)
  4 orc priests
  A bullfrog skeleton (D:5)
  2 centaur skeletons
  An iron imp (D:7)
  2 iguanas
  4 orc wizards
  8 worker ants
  2 hound zombies
  3 hound skeletons
  A worker ant zombie (D:7)
  4 gnolls
  7 adders
  4 shadow imps
  8 oozes
  2 worms (D:3)
  2 dart slugs
  4 leopard geckos
  15 orcs
  7 ball pythons
  13 giant cockroaches
  3 goblins
  8 hobgoblins
  A quokka (D:3)
  4 bats (D:2)
  7 frilled lizards
  19 kobolds
  7 rats
173 creatures vanquished.

Notes
Turn   | Place    | Note
-------+----------+-------------------------------------------
     0 | D:1      | MrTaco21 the Gargoyle Fighter began the quest for the Orb.
     0 | D:1      | Reached XP level 1. HP: 14/14 MP: 1/1
   223 | D:1      | Reached XP level 2. HP: 19/19 MP: 2/2
   396 | D:1      | Reached skill level 3 in Maces & Flails
   678 | D:1      | Reached XP level 3. HP: 23/23 MP: 3/3
   855 | D:2      | Reached skill level 4 in Maces & Flails
   935 | D:2      | Reached XP level 4. HP: 25/28 MP: 4/4
  1243 | D:3      | Found a faded altar of an unknown god.
  1479 | D:3      | Found a white marble altar of Elyvilon.
  1479 | D:3      | Found a blossoming altar of Fedhas.
  1480 | D:3      | Found a shadowy altar of Dithmenos.
  1541 | D:3      | Found a glowing golden altar of the Shining One.
  1597 | D:3      | Found a radiant altar of Vehumet.
  1800 | D:4      | Reached skill level 5 in Maces & Flails
  1800 | D:4      | Reached XP level 5. HP: 27/32 MP: 5/5
  1838 | D:4      | Noticed an ogre
  1852 | D:4      | Killed an ogre
  1852 | D:4      | Reached skill level 6 in Maces & Flails
  1852 | D:4      | Reached XP level 6. HP: 24/37 MP: 6/6
  1934 | D:4      | Found a sparkling altar of Nemelex Xobeh.
  2105 | D:4      | Reached skill level 7 in Maces & Flails
  2155 | D:4      | Found an iron altar of Okawaru.
  2225 | D:4      | Reached XP level 7. HP: 5/41 MP: 7/7
  2690 | D:5      | Entered Level 5 of the Dungeon
  2793 | D:5      | Reached skill level 8 in Maces & Flails
  3154 | D:5      | You fall into a shaft and drop 1 floor!
  3205 | D:6      | Reached skill level 9 in Maces & Flails
  3205 | D:6      | Reached XP level 8. HP: 41/46 MP: 8/8
  3237 | D:6      | Found a glowing drain.
  3262 | Sewer    | Entered a sewer
  3870 | D:6      | Found Pocsopith's Assorted Antiques.
  3953 | D:6      | Reached skill level 10 in Maces & Flails
  4677 | D:7      | Found a staircase to the Ecumenical Temple.
  4741 | D:7      | Reached skill level 11 in Maces & Flails
  4744 | D:7      | Reached XP level 9. HP: 5/51 MP: 9/9
  5268 | D:7      | Found an opulent altar of Gozag.
  5534 | D:7      | Found a snail-covered altar of Cheibriados.
  5648 | Temple   | Entered the Ecumenical Temple
  5818 | D:7      | Became a worshipper of Gozag Ym Sagoz the Greedy
  6244 | D:7      | Reached skill level 12 in Maces & Flails
  7117 | D:8      | Found a staircase to the Lair.
  7323 | D:8      | Reached skill level 13 in Maces & Flails
  7577 | D:8      | Noticed a two-headed ogre
  7606 | D:9      | Noticed a two-headed ogre
  7642 | D:8      | Slain by a two-headed ogre

Levels and vault maps discovered:
D:1:      minmay_arrival_wavy_path, layout_basic, minmay_pentomino_v4
D:2:      layout_rooms, hangedman_glass_teeth
D:3:      layout_rooms, tso_oasis_becter, lemuel_doored_altar,
          gammafunk_temple_overflow_claw, chequers_ecumenical_altar_simple_redux
D:4:      layout_loops_ring, nemelex_xobeh_ov_fountains_minmay,
          okawaru_ov_weapons_minmay
D:5:      layout_rooms, first_ration
D:6:      layout_gridville, serial_shops, nicolae_shop_overgrown_old_shop,
          portal_sewer_entry_a
D:7:      layout_cave_pods, grunt_gozag_breadcrumbs, slow_altar_2,
          minmay_temple_entry_butterflies
D:8:      wander_river, layout_cave_pods, erik_lair_orcish_takeover,
          special_room [special_room_orc], hangedman_little_slice_of_home
D:9:      layout_irregular_city, dancing_weapons_uskayaw, zin_scriptorium,
          lemuel_coloured_pillars_altar
Temple:   zaba_magenta_temple

Skill      XL: |  1  2  3  4  5  6  7  8  9 |
---------------+----------------------------+-----
Maces & Flails | 3 4 5 6 7 9 11 13 | 13.0
Fighting       | |  3.2
Armour         | |  3.2
Shields        | |  3.2

Action                   |  1- 3 |  4- 6 |  7- 9 || total
-------------------------+-------+-------+-------++-------
Melee: Flail             |    79 |   171 |   573 ||   823
  Use: Scroll            |       |     1 |    14 ||    15
  Eat: Chunk             |       |     5 |    11 ||    16
       Ration            |       |       |     4 ||     4
Armor: Scale mail        |    33 |    90 |   235 ||   358
Dodge: Dodged            |    23 |    46 |   200 ||   269
Block: Kite shield       |    42 |    91 |   283 ||   416

Table legend:
 A = Non-vault XP
 B = Vault XP
 C = Vault XP percentage of total XP
 D = Non-vault monster count
 E = Vault monster count
 F = Vault count percentage of total count
                 A         B        C        D         E       F
            +---------+---------+-------+---------+---------+-------
      Total |    3256 |     984 |  23.2 |     122 |      51 |  29.5
            +---------+---------+-------+---------+---------+-------
        D:1 |      36 |       3 |   7.7 |      12 |       3 |  20.0
        D:2 |      59 |       0 |   0.0 |      15 |       0 |   0.0
        D:3 |      48 |       0 |   0.0 |      19 |       0 |   0.0
        D:4 |     510 |       0 |   0.0 |      17 |       0 |   0.0
        D:5 |     529 |       0 |   0.0 |      14 |       0 |   0.0
        D:6 |     652 |       9 |   1.4 |      15 |       6 |  28.6
        D:7 |     892 |     582 |  39.5 |      23 |       8 |  25.8
        D:8 |     530 |     253 |  32.3 |       7 |      10 |  58.8
      Sewer |       0 |     137 | 100.0 |       0 |      24 | 100.0
            +---------+---------+-------+---------+---------+-------
